General information
			
			
        
        - name: BNet
 
        - type: Ladder team game (AT/RT)
 
        - host: Battle.net
 
        - saver: ball_sweets
 
        
map: RiverOfSouls 
        - players: 6
 
        - length: 37:15
 
        - speed: Fast
 - version: 1.22 W3XP
 - replay type:  Public
 
» download(265 KB)
Players
        team 1 (winner) 
              
              
iLoSealOt- (
orange | 74 APM | 2752 actions | 37:11)
              
 4 Death Knight 
 2 Death Coil
 2 Unholy Aura
 1 Lich 
 1 Frost Nova
 2 Crypt Lord 
 1 Impale
 1 Spiked Carapace
 
                » actions 
                
                | Assign group hotkey | 54 |  | 
| Basic commands | 49 |  | 
| Build / train | 73 |  | 
| Enter build submenu | 16 |  | 
| Enter hero's abilities submenu | 8 |  | 
| Give item / drop item | 3 |  | 
| Right click | 1429 |  | 
| Select / deselect | 542 |  | 
| Select group hotkey | 441 |  | 
| Use ability | 137 |  | 
                2752 total
 » units 
                
                | Acolyte | 9 |  | 
| Ghoul | 3 |  | 
| Crypt Fiend | 17 |  | 
| Obsidian Statue | 3 |  | 
| Frost Wyrm | 4 |  | 
                36 total
 » upgrades
                
                | Creature Attack | 3 |  | 
| Burrow | 1 |  | 
| Destroyer Form | 1 |  | 
| Creature Carapace | 3 |  | 
| Web | 1 |  | 
| Freezing Breath | 1 |  | 
                10 total
 » buildings
                
                | Graveyard | 1 |  | 
| Crypt | 1 |  | 
| Altar of Darkness | 1 |  | 
| Ziggurat | 7 |  | 
| Tomb of Relics | 1 |  | 
| Nerubian Tower | 1 |  | 
| Halls of the Dead | 1 |  | 
| Black Citadel | 1 |  | 
| Slaughterhouse | 1 |  | 
| Sacrificial Pit | 1 |  | 
| Boneyard | 2 |  | 
| Spirit Tower | 4 |  | 
                22 total
 » build order
                00:07 Graveyard
00:10 Crypt
00:32 Altar of Darkness
00:33 Ziggurat
00:46 Tomb of Relics
01:55 Ziggurat
02:17 Nerubian Tower
03:38 Ziggurat
04:41 Halls of the Dead
05:45 Ziggurat
07:44 Black Citadel
07:47 Slaughterhouse
07:48 Sacrificial Pit
09:08 Ziggurat
09:10 Ziggurat
10:51 Boneyard
10:52 Boneyard
13:43 Spirit Tower
13:46 Ziggurat
26:59 Spirit Tower
27:01 Spirit Tower
27:02 Spirit Tower
» items
                
                | Rod of Necromancy | 2 |  | 
| Dust of Appearance | 3 |  | 
| Staff of Teleportation | 1 |  | 
| Orb of Corruption | 2 |  | 
| Scroll of Town Portal | 2 |  | 
                10 total
  
               
              
              
ISTHISLOVEREAL. (
purple | 69 APM | 2553 actions | 37:11)
              
 2 Priestess of the Moon 
 1 Searing Arrows
 1 Trueshot Aura
 
                » actions 
                
                | Assign group hotkey | 27 |  | 
| Basic commands | 11 |  | 
| Build / train | 56 |  | 
| Enter build submenu | 31 |  | 
| Enter hero's abilities submenu | 2 |  | 
| Remove unit from queue | 4 |  | 
| Right click | 1508 |  | 
| Select / deselect | 489 |  | 
| Select group hotkey | 357 |  | 
| Use ability | 68 |  | 
                2553 total
 » units 
                
                | Wisp | 34 |  | 
| Huntress | 4 |  | 
| Glaive Thrower | 5 |  | 
| Mountain Giant | 5 |  | 
                48 total
 » upgrades
                
                | Reinforced Hides | 2 |  | 
| Strength of the Wild | 1 |  | 
                3 total
 » buildings
                
                | Altar of Elders | 1 |  | 
| Moon Well | 14 |  | 
| Hunter's Hall | 2 |  | 
| Ancient of War | 2 |  | 
| Tree of Ages | 1 |  | 
| Ancient of Wonders | 1 |  | 
| Ancient of Lore | 2 |  | 
| Tree of Life | 5 |  | 
                28 total
 » build order
                00:08 Altar of Elders
00:21 Moon Well
01:53 Hunter's Hall
01:54 Ancient of War
02:04 Ancient of War
02:23 Moon Well
04:31 Moon Well
04:40 Moon Well
06:10 Tree of Ages
07:16 Ancient of Wonders
08:08 Moon Well
09:23 Ancient of Lore
09:25 Ancient of Lore
09:39 Tree of Life
11:25 Moon Well
14:50 Moon Well
15:44 Moon Well
17:01 Tree of Life
18:16 Tree of Life
20:21 Tree of Life
21:26 Moon Well
21:29 Moon Well
21:35 Moon Well
22:16 Hunter's Hall
23:09 Moon Well
23:37 Moon Well
27:55 Moon Well
28:39 Tree of Life
 
               
              
              
ZipiT[MaSTeR] (
red | 92 APM | 3419 actions | 37:11)
              
 4 Keeper of the Grove 
 2 Entangling Roots
 2 Thorns Aura
 
                » actions 
                
                | Assign group hotkey | 83 |  | 
| Basic commands | 95 |  | 
| Build / train | 141 |  | 
| ESC pressed | 6 |  | 
| Enter build submenu | 44 |  | 
| Enter hero's abilities submenu | 4 |  | 
| Right click | 877 |  | 
| Select / deselect | 666 |  | 
| Select group hotkey | 1390 |  | 
| Use ability | 113 |  | 
                3419 total
 » units 
                
                | Wisp | 47 |  | 
| Huntress | 9 |  | 
| Hippogryph | 16 |  | 
| Chimaera | 39 |  | 
| Glaive Thrower | 6 |  | 
                117 total
 » upgrades
                
                | Strength of the Wild | 3 |  | 
| Corrosive Breath | 1 |  | 
| Vorpal Blades | 1 |  | 
                5 total
 » buildings
                
                | Altar of Elders | 1 |  | 
| Moon Well | 9 |  | 
| Hunter's Hall | 1 |  | 
| Ancient of War | 2 |  | 
| Tree of Ages | 1 |  | 
| Tree of Life | 2 |  | 
| Tree of Eternity | 1 |  | 
| Ancient of Wind | 1 |  | 
| Chimaera Roost | 2 |  | 
| Ancient Protector | 14 |  | 
| Ancient of Wonders | 1 |  | 
                35 total
 » build order
                00:06 Altar of Elders
00:09 Moon Well
01:51 Hunter's Hall
01:53 Ancient of War
02:18 Ancient of War
02:28 Moon Well
02:29 Moon Well
02:46 Moon Well
05:46 Tree of Ages
06:08 Moon Well
06:59 Tree of Life
08:36 Tree of Eternity
08:55 Ancient of Wind
10:00 Tree of Life
11:26 Chimaera Roost
11:44 Moon Well
11:52 Chimaera Roost
12:35 Moon Well
15:08 Moon Well
18:41 Moon Well
25:14 Ancient Protector
25:27 Ancient Protector
25:30 Ancient Protector
25:32 Ancient Protector
25:34 Ancient Protector
25:45 Ancient Protector
26:10 Ancient Protector
26:26 Ancient Protector
27:24 Ancient of Wonders
27:53 Ancient Protector
28:36 Ancient Protector
29:23 Ancient Protector
30:05 Ancient Protector
30:57 Ancient Protector
31:05 Ancient Protector
» items
                 
               team 2 (loser) 
              
              
ADDICTEDTODlCK (
teal | 92 APM | 3437 actions | 37:11)
              
 4 Archmage 
 2 Blizzard
 2 Brilliance Aura
 3 Mountain King 
 2 Storm Bolt
 1 Bash
 3 Paladin 
 2 Holy Light
 1 Divine Shield
 
                » actions 
                
                | Assign group hotkey | 22 |  | 
| Basic commands | 120 |  | 
| Build / train | 94 |  | 
| Enter build submenu | 44 |  | 
| Enter hero's abilities submenu | 10 |  | 
| Give item / drop item | 6 |  | 
| Right click | 1790 |  | 
| Select / deselect | 408 |  | 
| Select group hotkey | 726 |  | 
| Use ability | 216 |  | 
                3437 total
 » units 
                
                | Peasant | 13 |  | 
| Priest | 4 |  | 
| Sorceress | 3 |  | 
| Dragonhawk Rider | 4 |  | 
                24 total
 » upgrades
                
                | Masonry | 3 |  | 
| Lumber Harvesting | 1 |  | 
| Magic Sentry | 1 |  | 
| Sorceress Training | 2 |  | 
| Priest Training | 2 |  | 
| Animal War Training | 1 |  | 
| Armor | 3 |  | 
| Swords | 2 |  | 
| Cloud | 1 |  | 
                16 total
 » buildings
                
                | Altar of Kings | 1 |  | 
| Farm | 7 |  | 
| Lumber Mill | 1 |  | 
| Scout Tower | 30 |  | 
| Arcane Tower | 8 |  | 
| Guard Tower | 15 |  | 
| Keep | 1 |  | 
| Arcane Sanctum | 1 |  | 
| Castle | 1 |  | 
| Arcane Vault | 1 |  | 
| Gryphon Aviary | 1 |  | 
| Barracks | 1 |  | 
| Blacksmith | 1 |  | 
                69 total
 » build order
                00:06 Altar of Kings
00:19 Farm
00:37 Lumber Mill
00:55 Scout Tower
01:30 Scout Tower
01:32 Arcane Tower
01:36 Farm
01:56 Scout Tower
02:12 Scout Tower
02:25 Guard Tower
02:26 Scout Tower
02:27 Scout Tower
02:30 Scout Tower
02:46 Arcane Tower
03:02 Guard Tower
03:04 Scout Tower
03:11 Guard Tower
03:13 Scout Tower
03:22 Guard Tower
03:47 Arcane Tower
03:48 Scout Tower
03:49 Guard Tower
03:50 Scout Tower
04:20 Guard Tower
04:41 Keep
04:50 Arcane Tower
04:59 Scout Tower
05:34 Arcane Tower
05:35 Scout Tower
05:43 Farm
05:46 Farm
05:53 Scout Tower
05:54 Scout Tower
06:05 Guard Tower
07:03 Guard Tower
07:07 Scout Tower
07:11 Arcane Sanctum
07:45 Guard Tower
08:58 Scout Tower
09:32 Guard Tower
09:34 Scout Tower
09:36 Scout Tower
09:38 Scout Tower
10:59 Arcane Tower
11:00 Guard Tower
12:01 Castle
12:22 Scout Tower
12:23 Scout Tower
12:25 Scout Tower
12:28 Scout Tower
12:41 Farm
13:45 Guard Tower
13:52 Arcane Vault
13:56 Gryphon Aviary
13:57 Barracks
13:58 Blacksmith
14:48 Guard Tower
14:52 Scout Tower
14:52 Scout Tower
15:16 Farm
15:17 Farm
16:48 Arcane Tower
20:06 Scout Tower
21:28 Guard Tower
21:32 Scout Tower
22:06 Guard Tower
23:44 Scout Tower
23:46 Scout Tower
25:03 Arcane Tower
» items
                
                | Staff of Teleportation | 3 |  | 
| Boots of Speed | 2 |  | 
| Healing Salve | 2 |  | 
| Circlet of Nobility | 1 |  | 
| Potion of Healing | 1 |  | 
| Staff of Sanctuary | 3 |  | 
| Orb of Lightning | 3 |  | 
| Periapt of Vitality | 1 |  | 
                16 total
  
               
              
              
ball_sweets (
yellow | 54 APM | 2022 actions | 37:15)
              
 4 Blademaster 
 2 Wind Walk
 2 Critical Strike
 
                » actions 
                
                | Assign group hotkey | 11 |  | 
| Basic commands | 9 |  | 
| Build / train | 80 |  | 
| Enter build submenu | 39 |  | 
| Enter hero's abilities submenu | 4 |  | 
| Give item / drop item | 7 |  | 
| Right click | 1043 |  | 
| Select / deselect | 206 |  | 
| Select group hotkey | 435 |  | 
| Use ability | 187 |  | 
                2022 total
 » units 
                » upgrades
                
                | Ranged Weapons | 3 |  | 
| Liquid Fire | 1 |  | 
| Armor | 3 |  | 
| Spiked Barricades | 1 |  | 
| Envenomed Spears | 1 |  | 
| Reinforced Defenses | 1 |  | 
                10 total
 » buildings
                
                | Altar of Storms | 1 |  | 
| Orc Burrow | 4 |  | 
| War Mill | 1 |  | 
| Watch Tower | 29 |  | 
| Voodoo Lounge | 1 |  | 
| Stronghold | 4 |  | 
| Fortress | 3 |  | 
| Beastiary | 2 |  | 
                45 total
 » build order
                00:08 Altar of Storms
00:16 Orc Burrow
00:32 War Mill
01:50 Watch Tower
02:01 Orc Burrow
02:26 Watch Tower
02:55 Watch Tower
03:01 Voodoo Lounge
03:44 Watch Tower
04:00 Watch Tower
04:32 Stronghold
04:32 Stronghold
04:32 Stronghold
05:40 Watch Tower
05:43 Watch Tower
06:27 Orc Burrow
06:27 Orc Burrow
06:53 Fortress
06:53 Fortress
07:02 Watch Tower
07:07 Watch Tower
07:46 Beastiary
07:49 Beastiary
07:58 Watch Tower
08:01 Watch Tower
09:08 Watch Tower
09:11 Watch Tower
10:42 Watch Tower
10:53 Watch Tower
11:46 Watch Tower
11:47 Watch Tower
11:55 Watch Tower
11:55 Watch Tower
11:56 Watch Tower
13:02 Watch Tower
13:09 Watch Tower
14:29 Watch Tower
14:32 Watch Tower
15:44 Watch Tower
16:40 Watch Tower
17:04 Watch Tower
17:06 Watch Tower
17:08 Watch Tower
» items
                
                | Boots of Speed | 1 |  | 
| Staff of Teleportation | 1 |  | 
| Dust of Appearance | 1 |  | 
| Lesser Clarity Potion | 7 |  | 
| Healing Salve | 1 |  | 
| Orb of Lightning | 4 |  | 
| Potion of Mana | 2 |  | 
                17 total
  
               
              
              
kunt.roII (
green | 88 APM | 3267 actions | 37:11)
              
 4 Archmage 
 2 Blizzard
 2 Brilliance Aura
 3 Blood Mage 
 2 Flame Strike
 1 Siphon Mana
 2 Naga Sea Witch 
 1 Frost Arrows
 1 Forked Lightning
 
                » actions 
                
                | Assign group hotkey | 22 |  | 
| Basic commands | 29 |  | 
| Build / train | 95 |  | 
| ESC pressed | 5 |  | 
| Enter build submenu | 50 |  | 
| Enter hero's abilities submenu | 10 |  | 
| Give item / drop item | 14 |  | 
| Right click | 1157 |  | 
| Select / deselect | 294 |  | 
| Select group hotkey | 1372 |  | 
| Use ability | 217 |  | 
                3267 total
 » units 
                
                | Peasant | 19 |  | 
| Sorceress | 2 |  | 
| Priest | 5 |  | 
                26 total
 » upgrades
                
                | Masonry | 3 |  | 
| Sorceress Training | 1 |  | 
| Magic Sentry | 1 |  | 
| Lumber Harvesting | 1 |  | 
| Priest Training | 3 |  | 
                9 total
 » buildings
                
                | Altar of Kings | 1 |  | 
| Farm | 7 |  | 
| Lumber Mill | 2 |  | 
| Scout Tower | 37 |  | 
| Arcane Tower | 6 |  | 
| Guard Tower | 16 |  | 
| Keep | 2 |  | 
| Arcane Sanctum | 1 |  | 
| Castle | 2 |  | 
| Arcane Vault | 2 |  | 
                76 total
 » build order
                00:07 Altar of Kings
00:25 Farm
00:37 Lumber Mill
00:53 Farm
01:17 Scout Tower
01:28 Scout Tower
01:57 Scout Tower
02:01 Arcane Tower
02:01 Arcane Tower
02:28 Guard Tower
02:29 Scout Tower
02:55 Scout Tower
02:59 Scout Tower
03:00 Guard Tower
03:00 Guard Tower
03:33 Scout Tower
03:34 Scout Tower
03:35 Guard Tower
04:04 Keep
04:10 Guard Tower
04:16 Scout Tower
04:18 Scout Tower
04:20 Scout Tower
04:39 Scout Tower
04:39 Scout Tower
04:52 Guard Tower
05:21 Guard Tower
05:22 Farm
05:23 Scout Tower
06:00 Guard Tower
06:04 Scout Tower
06:04 Scout Tower
06:05 Scout Tower
07:23 Arcane Sanctum
07:40 Guard Tower
07:42 Scout Tower
07:43 Scout Tower
07:49 Scout Tower
07:52 Farm
08:39 Guard Tower
08:56 Scout Tower
08:57 Scout Tower
09:00 Scout Tower
09:01 Scout Tower
09:03 Scout Tower
09:03 Scout Tower
09:35 Arcane Tower
10:02 Castle
10:02 Castle
10:03 Guard Tower
10:57 Farm
10:58 Farm
11:01 Arcane Vault
11:04 Arcane Vault
11:34 Guard Tower
11:40 Guard Tower
12:36 Scout Tower
12:38 Scout Tower
13:54 Guard Tower
14:18 Arcane Tower
14:20 Scout Tower
14:21 Scout Tower
14:22 Scout Tower
14:25 Scout Tower
14:26 Scout Tower
14:26 Scout Tower
14:27 Scout Tower
14:32 Farm
14:36 Scout Tower
14:36 Scout Tower
16:19 Guard Tower
17:31 Arcane Tower
27:59 Lumber Mill
» items
                
                | Lesser Clarity Potion | 2 |  | 
| Boots of Speed | 3 |  | 
| Circlet of Nobility | 4 |  | 
| Staff of Teleportation | 3 |  | 
| Healing Salve | 1 |  | 
| Orb of Lightning | 2 |  | 
| Scroll of Speed | 1 |  | 
| Staff of Sanctuary | 3 |  | 
                19 total
  
                Chat log
          (00:11 / Allies) ADDICTEDTODlCK: bases then?
(04:26 / All) kunt.roII: tt
(04:29 / All) iLoSealOt-: slutfuck u
(04:33 / All) kunt.roII: u
(04:40 / All) ball_sweets: no
(04:42 / All) ball_sweets: slutfuck u
(04:42 / Allies) kunt.roII: going a o r
(04:43 / Allies) kunt.roII: e
(04:48 / All) kunt.roII: u
(04:59 / All) kunt.roII: u liek red?
(08:51 / Allies) ADDICTEDTODlCK: that wont hold gob
(09:14 / Allies) kunt.roII: not going to bother with hawks imo
(09:15 / Allies) ADDICTEDTODlCK: yah
(09:21 / Allies) kunt.roII: go kill wisps u noob
(10:17 / All) kunt.roII: lmao
(10:59 / Allies) ball_sweets: gold4bat
(12:16 / Allies) ADDICTEDTODlCK: mgs ugh
(12:18 / Allies) kunt.roII: wyrm
(12:20 / Allies) kunt.roII: welp
(12:52 / Allies) ADDICTEDTODlCK: yeah mgs for purple
(13:30 / Allies) ADDICTEDTODlCK: shades
(16:29 / Allies) ADDICTEDTODlCK: what
(16:56 / All) ZipiT[MaSTeR]: u guys hack
(16:57 / Allies) kunt.roII: brb
(17:00 / All) ZipiT[MaSTeR]: See
(17:11 / All) kunt.roII: lmao
(17:15 / All) kunt.roII: silly noob
(18:15 / All) kunt.roII: LOL
(18:18 / All) kunt.roII: "hack"
(18:32 / Allies) kunt.roII: gg nub
(18:33 / Allies) ADDICTEDTODlCK: lol
(20:34 / All) ZipiT[MaSTeR]: pro hacks
(20:43 / Allies) kunt.roII: haha what
(20:43 / All) ball_sweets: TT
(21:15 / All) ZipiT[MaSTeR]: why
(21:19 / All) ZipiT[MaSTeR]: do u guys gotta do this gay shit?
(21:21 / All) kunt.roII: you are really "good" with that dust xD
(21:25 / All) ZipiT[MaSTeR]: do u have fun?
(21:27 / All) kunt.roII: its better to hack 
(21:29 / All) kunt.roII: and then lose
(21:30 / All) kunt.roII: amirite
(21:37 / All) ZipiT[MaSTeR]: im talking about mass towers
(21:46 / All) kunt.roII: amirite
(22:14 / Allies) ADDICTEDTODlCK: ptom?
(22:37 / All) iLoSealOt-: PUSSY HACKER
(22:42 / All) kunt.roII: k
(22:46 / Allies) ADDICTEDTODlCK: cant
(23:49 / Allies) ADDICTEDTODlCK: god
(24:15 / All) kunt.roII: lmaooo
(24:50 / All) kunt.roII: nice wyrms
(24:59 / All) kunt.roII: u guys better get ur drophack ready
(25:36 / All) kunt.roII: lmao
(26:07 / Allies) kunt.roII: kill altar?
(26:15 / All) ISTHISLOVEREAL.: FUCK U YELLOW
(26:23 / All) kunt.roII: ur hero dead LOL
(26:25 / All) ball_sweets: 2ez nub
(26:25 / All) ISTHISLOVEREAL.: how did u no
(26:45 / Allies) kunt.roII: run
(27:45 / All) ZipiT[MaSTeR]: u guys blow
(27:49 / All) kunt.roII: kl
(28:31 / All) kunt.roII: lmaoooo
(28:37 / All) kunt.roII: noob to the max
(28:43 / Allies) ADDICTEDTODlCK: i was creeping that with my hawks before
(28:48 / All) ISTHISLOVEREAL.: wow
(28:49 / All) ISTHISLOVEREAL.: yellow
(28:50 / All) ISTHISLOVEREAL.: Hack more
(28:53 / Allies) kunt.roII: u should bat all this shit
(28:55 / Allies) kunt.roII: before he gets armor
(28:57 / All) ISTHISLOVEREAL.: hACK MORE
(28:58 / All) ISTHISLOVEREAL.: WOW
(29:05 / All) ISTHISLOVEREAL.: just when i build hall
(29:06 / All) ISTHISLOVEREAL.: u come
(29:08 / All) ISTHISLOVEREAL.: WAT BS
(29:11 / All) ball_sweets: owned
(29:12 / All) ISTHISLOVEREAL.: U FUCKN NEED TO DIE
(29:18 / All) kunt.roII: i have hacks
(29:25 / All) kunt.roII: for the price of about 1000 gold
(29:29 / All) ZipiT[MaSTeR]: u guys cant win
(29:29 / All) ZipiT[MaSTeR]: rofl
(29:32 / All) kunt.roII: im sure yours didnt cost u a thing tho
(29:55 / Allies) ADDICTEDTODlCK: we have decent gold saved up
(30:44 / Allies) ADDICTEDTODlCK: l o l
(30:49 / Allies) ADDICTEDTODlCK: def. worth it
(30:53 / All) ZipiT[MaSTeR]: rofl noob
(30:58 / All) kunt.roII: yellows a new player :)
(31:04 / Allies) kunt.roII: go
(31:30 / Allies) kunt.roII: \
(31:34 / Allies) kunt.roII: sure
(31:36 / All) ZipiT[MaSTeR]: thx
(31:40 / Allies) kunt.roII: make 12 and keep em for an attack on us
(31:41 / Allies) ADDICTEDTODlCK: no dk fyi
(31:47 / Allies) ADDICTEDTODlCK: want to attack?
(31:52 / Allies) kunt.roII: omw
(32:50 / All) kunt.roII: u guys are pretty good
(32:57 / All) ISTHISLOVEREAL.: stfu 
(33:00 / All) ball_sweets: if only you had a skillhack
(33:01 / All) ZipiT[MaSTeR]: yea but u guys r shit
(33:02 / All) ISTHISLOVEREAL.: FUCKING PERMA STUN BS
(33:06 / All) ISTHISLOVEREAL.: GET A FUCKIN LIFE
(33:08 / All) ISTHISLOVEREAL.: STOP HUING
(33:11 / All) ISTHISLOVEREAL.: U ZITTY FUCK
(33:13 / All) ADDICTEDTODlCK: heroes are hard to keep alive, dont worry about it
(33:32 / All) kunt.roII: LOL
(33:36 / All) kunt.roII: NICE ORANGE
(33:37 / All) kunt.roII: HAHAHAHAH
(33:38 / Allies) ADDICTEDTODlCK: wow
(33:42 / All) ADDICTEDTODlCK: nice hacks
(33:46 / All) ISTHISLOVEREAL.: stuf nihher
(33:57 / All) kunt.roII: i knew you were really bad last season orange
(34:01 / All) kunt.roII: i can see why u started up hacking this one
(34:46 / Allies) kunt.roII: welp that might knida suck
(34:50 / Allies) ADDICTEDTODlCK: no
(34:53 / Allies) kunt.roII: if they attack with all of that
(34:56 / Allies) kunt.roII: lots of exp tho
(35:06 / Allies) ADDICTEDTODlCK: their armies suck
(35:10 / Allies) kunt.roII: aye
(35:14 / Allies) ADDICTEDTODlCK: not much to worry about
(35:28 / Allies) ADDICTEDTODlCK: they are in upkeep
(35:37 / Allies) ADDICTEDTODlCK: he was
(36:19 / Allies) ADDICTEDTODlCK: welp
(36:19 / All) kunt.roII: LOL
(36:51 / All) ZipiT[MaSTeR]: YTELL ME